 Dungeon Crawl Stone Soup version 0.26.1-11-gd32895ea62 (webtiles) character file.

Game seed: 1304988449174171436

71 vvl the Skirmisher (level 4, 0/42 HPs)
             Began as a Naga Fighter on June 16, 2021.
             Killed by nerve-wracking pain
             ... invoked by an orc priest
              (10 damage)
             ... on level 2 of the Dungeon.
             The game lasted 00:03:56 (1458 turns).

vvl the Skirmisher (Naga Fighter)                   Turns: 1458, Time: 00:03:57

Health: 0/42       AC:  7    Str: 19    XL:     4   Next: 24%
Magic:  4/4        EV:  3    Int:  9    God:
Gold:   86         SH:  8    Dex: 10    Spells: 3/3 levels left

rFire    . . .     SeeInvis +   a - +0 long sword
rCold    . . .     Faith    .   c - +0 kite shield
rNeg     . . .     Spirit   .   h - +0 chain mail
rPois    +         Reflect  .   g - +0 helmet (curse)
rElec    .         Harm     .   (no cloak)
rCorr    .         Rampage  .   (no gloves)
Will     .....                  (no barding)
Stlth    ..........             (no amulet)
HPRegen  0.14/turn              (no ring)
MPRegen  0.09/turn              (no ring)

@: short of breath, very slow
A: large, see invisible, deformed body, poison resistance, slowness 2, spit
poison 1, AC +1
a: Spit Poison


You were on level 2 of the Dungeon.
You visited 1 branch of the dungeon, and saw 2 of its levels.

You collected 86 gold pieces.

Inventory:

Hand Weapons
 a - a +0 long sword (weapon)
Armour
 c - a +0 kite shield (worn)
 g - a cursed +0 helmet (worn)
 h - a +0 chain mail (worn)
Scrolls
 b - 3 scrolls of remove curse {unknown}
 e - a scroll of amnesia {unknown}
 f - a scroll of immolation {unknown}
 i - a scroll of enchant armour {unknown}
 j - 3 scrolls of magic mapping {unknown}
Potions
 d - a potion of might


   Skills:
 + Level 3.3 Fighting
 * Level 2.8 Long Blades
 + Level 2.7 Armour
 + Level 0.9 Dodging
 + Level 2.7 Shields
 + Level 1.5 Poison Magic


You had 3 spell levels left.
You didn't know any spells.
Your spell library was empty.

Dungeon Overview and Level Annotations

Branches:
Dungeon (2/15)

Altars:
Fedhas
Qazlal


Innate Abilities, Weirdness & Mutations

You cannot wear boots.
Your serpentine skin is tough. (AC +1)
You have supernaturally acute eyesight. (SInv)
Armour fits poorly on your strangely shaped body.
Your system is resistant to poisons. (rPois)
You cover ground very slowly.
You can spit poison.


Message History

The orc hits you but does no damage.
You hit the orc.
You kill the orc!
You barely miss the orc priest. The orc priest hits you with a +0 mace.
* * * LOW HITPOINT WARNING * * *
You don't know any spells.
Press: ? - help, Shift-Dir - straight line, f - orc priest
Aim: an orc priest, wielding a +0 mace The splash of poison hits the orc priest!
The orc priest is poisoned.
The orc priest is heavily wounded.
The orc priest looks encouraged for a moment.
You closely miss the orc priest.
The orc priest is heavily wounded.
The orc priest barely misses you. You block the orc priest's attack.
You closely miss the orc priest.
The orc priest is heavily wounded.
The orc priest mumbles some strange prayers to Beogh against you.
Pain shoots through your body!
You die...

g.......# ##.#.#. .......#
#.######...... og....#
#.........#.#. .....
#..####....... ######o.. #..#
#....#.#. .......o#
#..###..#[#..# #.#####)#
#....#........
........##########.##.#.##.####
..######....oo@............#
............##.(..#....####
$.####^####..#.####..### ...
#.....# #..# #.... #.#...# #..#
#.... ..#.#...###..### .^..._
..^............. .#....
..#.........#### .#........##


You could see an orc priest (poisoned) and an orc.

Vanquished Creatures
  2 adders (D:2)
  A gnoll (D:1)
  A dart slug (D:1)
  3 orcs (D:2)
  4 goblins
  5 hobgoblins (D:1)
  2 quokkas (D:2)
  2 ball pythons (D:1)
  8 bats
  4 frilled lizards
  3 kobolds (D:2)
  4 rats (D:2)
39 creatures vanquished.

Notes
Turn   | Place    | Note
-------+----------+-------------------------------------------
     0 | D:1      | vvl the Naga Fighter began the quest for the Orb.
     0 | D:1      | Reached XP level 1. HP: 21/21 MP: 1/1
   191 | D:1      | Reached XP level 2. HP: 24/28 MP: 2/2
   481 | D:1      | Reached XP level 3. HP: 12/34 MP: 3/3
   490 | D:1      | Reached skill level 1 in Poison Magic
  1013 | D:2      | Found a stormy altar of Qazlal.
  1250 | D:2      | Reached XP level 4. HP: 42/42 MP: 4/4
  1428 | D:2      | Found a blossoming altar of Fedhas.
  1458 | D:2      | Killed from afar by an orc priest

Illustrated notes

Levels and vault maps discovered:
D:1:      onia_arrival_pentagram, layout_basic
D:2:      cheibrodos_pilgrimage, layout_loops_ring, grunt_qazlal_clouds,
          st_stairs_10, lemuel_tele_altar

Skill      XL: |  1  2  3 |
---------------+----------+-----
Poison Magic   | 1 |  1.5
Fighting       | |  3.3
Long Blades    | |  2.8
Armour         | |  2.7
Dodging        | |  0.9
Shields        | |  2.7

Action                   |  1- 3 |  4- 6 || total
-------------------------+-------+-------++-------
Melee: Long sword        |    90 |    41 ||   131
 Abil: Spit Poison       |     2 |     2 ||     4
Armor: Scale mail        |    10 |       ||    10
       Chain mail        |    68 |    31 ||    99
Dodge: Dodged            |    13 |     5 ||    18
Block: Kite shield       |    42 |    20 ||    62
       Rpst.: Long sword |     4 |       ||     4
